[ AOE2 MATCH · #478358942 ]
1v1 RMCumans vs Huns
Player's team · LOSS
Rival team · WIN
[ REPLAY ANALYSIS · EXTRACTED FROM THE RECORDED GAME ]
Feudal
17:35
Castle
27:13
Imperial
—
| APM avg | 12.9 |
| APM peak | 40 |
| eAPM avg | 8.8 |
| Villagers / military | 39 / 6 |
Focus
⚔️ 11.7% · 🌾 88.3%
Fishing Ship ×11 · Spearman ×6
Feudal
—
Castle
—
Imperial
—
| APM avg | 30.3 |
| APM peak | 56 |
| eAPM avg | 11.0 |
| Villagers / military | 23 / 15 |
Focus
⚔️ 22.1% · 🌾 77.9%
Militia ×8 · Knight ×5 · Fishing Ship ×4 · Scout Cavalry ×2
Match map
Initial resources + every placement click. Lines = walls · curves = elevation contours. ◆ gold · ⬟ stone · ● berries · ✦ relic · ◌ wall gap
Your base· Open — 3t gap
The magician171's base· Open — unwalled flank
Smoothed initial terrain · ◌ = detected wall gap · hover for details
Inputs per minute
— TrashPanda - - The magician171
Build order — TrashPanda
104 actions detected in the replay
| 0:38 | Build | House |
| 1:13 | Build | Town Center |
| 2:06 | Build | House |
| 3:10 | Create | Villager (Male) |
| 3:10 | Create | Villager (Male) |
| 3:10 | Create | Villager (Male) |
| 3:11 | Create | Villager (Male) |
| 3:54 | Research | Loom |
| 4:52 | Create | Villager (Male) |
| 5:21 | Create | Villager (Male) |
| 5:49 | Create | Villager (Male) |
| 6:34 | Create | Villager (Male) |
| 6:34 | Create | Villager (Male) |
| 6:45 | Build | Dock |
| 7:01 | Create | Villager (Male) |
| 7:15 | Build | House |
| 7:19 | Build | House |
| 7:35 | Create | Villager (Male) |
| 7:55 | Create | Villager (Male) |
| 8:12 | Create | Villager (Male) |
| 8:21 | Create | Fishing Ship |
| 8:40 | Create | Villager (Male) |
| 9:11 | Build | Mill |
| 9:23 | Create | Fishing Ship |
| 9:33 | Create | Villager (Male) |
| 9:36 | Create | Villager (Male) |
| 9:45 | Build | House |
| 9:46 | Build | House |
| 10:11 | Create | Fishing Ship |
| 10:21 | Create | Villager (Male) |
| 10:28 | Create | Fishing Ship |
| 10:53 | Create | Villager (Male) |
| 10:54 | Create | Villager (Male) |
| 11:07 | Build | House |
| 11:17 | Create | Fishing Ship |
| 11:36 | Create | Fishing Ship |
| 11:58 | Build | Barracks |
| 12:00 | Create | Villager (Male) |
| 12:01 | Create | Villager (Male) |
| 12:22 | Build | Lumber Camp |
| 12:26 | Create | Villager (Male) |
| 12:30 | Create | Fishing Ship |
| 12:39 | Create | Villager (Male) |
| 13:03 | Create | Villager (Male) |
| 13:07 | Create | Fishing Ship |
| 13:16 | Build | Farm |
| 13:20 | Build | Farm |
| 13:38 | Build | Farm |
| 13:48 | Build | Farm |
| 13:53 | Create | Villager (Male) |
| 14:12 | Create | Villager (Male) |
| 14:13 | Create | Villager (Male) |
| 14:19 | Create | Fishing Ship |
| 14:20 | Create | Fishing Ship |
| 14:37 | Build | Farm |
| 14:48 | Build | Farm |
| 15:12 | Build | House |
| 15:13 | Build | House |
| 15:15 | Build | House |
| 15:21 | Create | Villager (Male) |
| 15:25 | Research | Feudal Age |
| 16:00 | Build | Farm |
| 16:00 | Build | Farm |
| 16:02 | Build | Farm |
| 16:03 | Build | Farm |
| 17:00 | Build | House |
| 17:01 | Build | House |
| 17:27 | Create | Villager (Male) |
| 17:28 | Create | Villager (Male) |
| 17:29 | Create | Villager (Male) |
| 17:35 | Age | Feudal Age |
| 17:59 | Build | Town Center |
| 18:06 | Create | Villager (Male) |
| 18:06 | Create | Villager (Male) |
| 18:10 | Research | Double-Bit Axe |
| 18:30 | Create | Spearman |
| 18:31 | Create | Spearman |
| 18:47 | Build | Palisade Wall |
| 20:14 | Create | Spearman |
| 20:15 | Create | Spearman |
| 21:09 | Create | Fishing Ship |
| 21:48 | Create | Spearman |
| 21:49 | Create | Spearman |
| 22:16 | Build | House |
| 22:18 | Build | House |
| 22:35 | Build | Farm |
| 23:22 | Build | Blacksmith |
| 23:27 | Build | Market |
| 24:33 | Research | Castle Age |
| 24:58 | Research | Man-at-Arms (upgrade) |
| 25:18 | Build | Archery Range |
| 25:35 | Build | House |
| 25:37 | Build | House |
| 25:38 | Build | House |
| 25:40 | Build | House |
| 26:10 | Build | Outpost |
| 26:20 | Create | Villager (Male) |
| 26:21 | Create | Villager (Male) |
| 26:21 | Create | Villager (Male) |
| 26:22 | Create | Villager (Male) |
| 27:13 | Age | Castle Age |
| 27:26 | Create | Villager (Male) |
| 27:27 | Create | Villager (Male) |
| 27:43 | Build | Castle |
Build order — The magician171
67 actions detected in the replay
| 0:39 | Build | Town Center |
| 2:47 | Create | Villager (Male) |
| 2:47 | Create | Villager (Male) |
| 2:47 | Create | Villager (Male) |
| 2:48 | Create | Villager (Male) |
| 3:43 | Create | Villager (Male) |
| 4:51 | Create | Villager (Male) |
| 5:11 | Create | Villager (Male) |
| 5:12 | Create | Villager (Male) |
| 5:43 | Create | Villager (Male) |
| 6:48 | Build | Dock |
| 7:01 | Create | Villager (Male) |
| 7:01 | Create | Villager (Male) |
| 7:01 | Create | Villager (Male) |
| 7:51 | Create | Fishing Ship |
| 8:28 | Create | Villager (Male) |
| 8:29 | Create | Villager (Male) |
| 8:29 | Create | Villager (Male) |
| 8:38 | Create | Fishing Ship |
| 9:17 | Build | Lumber Camp |
| 9:24 | Create | Villager (Male) |
| 9:24 | Create | Villager (Male) |
| 9:25 | Create | Villager (Male) |
| 9:54 | Build | Mill |
| 11:04 | Build | Barracks |
| 11:23 | Create | Fishing Ship |
| 11:38 | Research | Feudal Age |
| 11:40 | Research | Loom |
| 12:30 | Create | Militia |
| 12:37 | Create | Fishing Ship |
| 13:57 | Research | Town Watch |
| 14:08 | Build | Outpost |
| 14:48 | Build | Stable |
| 14:55 | Build | Blacksmith |
| 15:56 | Research | Castle Age |
| 17:14 | Build | Outpost |
| 17:30 | Create | Militia |
| 17:37 | Research | Man-at-Arms (upgrade) |
| 17:40 | Create | Scout Cavalry |
| 17:41 | Create | Scout Cavalry |
| 18:31 | Build | Outpost |
| 18:46 | Create | Villager (Male) |
| 18:47 | Create | Villager (Male) |
| 18:47 | Create | Villager (Male) |
| 18:47 | Create | Villager (Male) |
| 18:48 | Create | Villager (Male) |
| 19:05 | Build | Mining Camp |
| 19:09 | Create | Knight |
| 19:09 | Create | Knight |
| 21:06 | Build | Watch Tower |
| 21:16 | Create | Militia |
| 21:17 | Create | Militia |
| 21:17 | Create | Militia |
| 21:17 | Create | Militia |
| 22:12 | Research | Forging |
| 22:13 | Research | Scale Mail Armor |
| 22:18 | Create | Militia |
| 22:18 | Create | Militia |
| 24:34 | Research | Gold Mining |
| 24:35 | Research | Stone Mining |
| 24:46 | Create | Knight |
| 24:46 | Create | Knight |
| 24:46 | Create | Knight |
| 25:20 | Build | Monastery |
| 25:36 | Research | Long Swordsman (upgrade) |
| 25:40 | Research | Iron Casting |
| 26:13 | Build | Town Center |
Match timeline
| 6:45 | TrashPanda · first_building Dock |
| 6:48 | The magician171 · first_building Dock |
| 11:04 | The magician171 · first_building Barracks |
| 11:58 | TrashPanda · first_building Barracks |
| 14:48 | The magician171 · first_building Stable |
| 17:35 | TrashPanda · age_up feudal |
| 18:47 | TrashPanda · wall_segment Palisade Wall x10 |
| 25:18 | TrashPanda · first_building Archery Range |
| 25:20 | The magician171 · first_building Monastery |
| 27:13 | TrashPanda · age_up castle |
| 27:43 | TrashPanda · first_building Castle |
| 28:17 | TrashPanda · resign |
[ AI ANALYSIS · 1 CREDIT ]
What really happened in this match?
Wolo.gg analyzes every decision: build order, eco, micro, common mistakes by bracket. Personalized analysis on WhatsApp or Discord in 30 seconds.
Civ guide
Cumans
Map guide
Nomad
Perfil
Jugador #23511521